[Event "NJSK 2026 Jeugd B"]
[Site "Helmond, Netherlands"]
[Date "2026.05.01"]
[Round "7.10"]
[White "Okita, Shinsaku"]
[Black "Darie, Aden"]
[Result "0-1"]
[TimeControl "90min/40moves + 30min + 30sec/move"]
[WhiteTitle "-"]
[BlackTitle "-"]
[WhiteFideId "1094823"]
[BlackFideId "1094831"]
[WhiteElo "1899"]
[BlackElo "2150"]

1. e4 Nf6 2. e5 Nd5 3. Nf3 e6 4. d4 c5 5. c4 Nc7 6.
Be2 d5 7. exd6 Bxd6 8. dxc5 Bxc5 9. Qxd8+ Kxd8 10. Ng5 Ke7 11. Ne4 Bb4+ 12. Nbd2 f5 13. a3 Bxd2+ 14. Nxd2 Nc6 15. Nf3 e5 16.
Be3 Ne6 17. O-O-O f4 18. Bd2 Ned4 19. Nxd4 Nxd4 20. Bb4+ Kf6 21. Bd3 Be6 22. Bc3 Rhd8 23. Bxd4 Rxd4 24. Be2 Rad8 25. Rxd4 Rxd4 26. Rd1 Rxd1+ 27. Kxd1 e4 28.
Kd2 Ke5 29. Kc3 g5 30. c5 g4 31. b4 f3 32. gxf3 gxf3 33. Bf1 a6 34. c6 bxc6 35. Bxa6 e3 36. Kd3 e2 37. Kd2 Kd4 38.
Bd3 e1=B+ 39. Kxe1 Kxd3 40. a4 Bc4 41. b5 cxb5 42. axb5 Bxb5 0-1

[Event "NJSK 2026 Jeugd B"]
[Site "Helmond, Netherlands"]
[Date "2026.05.01"]
[Round "8.1"]
[White "Kurt, Sascha"]
[Black "De Jong, Lode"]
[Result "1-0"]
[TimeControl "90min/40moves + 30min + 30sec/move"]
[WhiteTitle "-"]
[BlackTitle "-"]
[WhiteFideId "1082647"]
[BlackFideId "40101860"]
[WhiteElo "2280"]
[BlackElo "1902"]

1. e4 c5 2. Nf3 d6 3. d4 cxd4 4. Nxd4 Nf6 5. Nc3 a6 6.
h3 e5 7.
Nb3 Be7 8. g4 h6 9. Be3 b5 10. a4 b4 11. Nd5 Bb7 12. Bb6 Qc8 13. Nc7+ Kf8 14. f3 Nbd7 15. Nxa8 Qxa8 16. Bf2 Bxe4 17. Bg2 Bc6 18. O-O g6 19.
Na5 Bd5 20. c4 bxc3 21. bxc3 Qd8 22. Nb3 Kg7 23. Nd2 Qa5 24. c4 Bc6 25. Qc2 Rc8 26. Rfb1 d5 27. cxd5 Nxd5 28. Nc4 Qd8 29. Qd2 Nf4 30.
Be3 Bf6 31. Nd6 Rb8 32. Rxb8 Qxb8 33. a5 Qb3 34. Re1 g5 35. Nf5+ Kh7 36. Kh1 Qd5 37. Qc2 Bd8 38.
Bxf4 1-0

[Event "NJSK 2026 Jeugd B"]
[Site "Helmond, Netherlands"]
[Date "2026.05.01"]
[Round "8.2"]
[White "Groenewoud, Joel"]
[Black "Zecha, Oscar"]
[Result "0-1"]
[TimeControl "90min/40moves + 30min + 30sec/move"]
[WhiteTitle "-"]
[BlackTitle "-"]
[WhiteFideId "1087746"]
[BlackFideId "1073826"]
[WhiteElo "2114"]
[BlackElo "2120"]

1. e4 e5 2. Nf3 Nc6 3. Bb5 a6 4. Ba4 Nf6 5. O-O d6 6. Re1 g6 7. c3 Bg7 8. d4 Bd7 9. Nbd2 O-O 10. h3 Re8 11. Bc2 a5 12. Nf1 a4 13.
a3 b5 14. Ng3 Na5 15. Bg5 h6 16. Be3 Nc4 17. Qc1 Nxe3 18. Qxe3 c6 19. Rad1 Qc7 20. Ne2 exd4 21. cxd4 Nxe4 22.
Bxe4 d5 23. Qf4 Qxf4 24. Nxf4 dxe4 25. Ne5 Rad8 26. g4 Kf8 27. Rxe4 Bc8 28. Rde1 Bb7 29. Nf3 Rxe4 30. Rxe4 c5 31.
d5 Bxd5 32. Nxd5 Rxd5 33. Kg2 Bxb2 34.
Re3 b4 0-1

[Event "NJSK 2026 Jeugd B"]
[Site "Helmond, Netherlands"]
[Date "2026.05.01"]
[Round "8.3"]
[White "Baarspul, Bram"]
[Black "Aravindhan, Achyuth"]
[Result "1-0"]
[TimeControl "90min/40moves + 30min + 30sec/move"]
[WhiteTitle "-"]
[BlackTitle "-"]
[WhiteFideId "40106187"]
[BlackFideId "1084216"]
[WhiteElo "2177"]
[BlackElo "2277"]

1. e4 c5 2. Nf3 Nc6 3. Bb5 g6 4. O-O Bg7 5. c3 a6 6.
Bxc6 dxc6 7. d3 Nf6 8. Qc2 O-O 9. Be3 b6 10. h3 a5 11.
d4 Nd7 12. Rd1 Qc7 13. dxc5 Nxc5 14. Bxc5 bxc5 15. Nbd2 Ba6 16.
c4 Rab8 17. Rab1 Rfd8 18. b3 h6 19. Re1 Bc8 20. Rbd1 a4 21. e5 Bf5 22. Qc1 Qa5 23. Qa3 Bc2 24. Rc1 Bf5 25. Ne4 Bxe4 26.
Rxe4 Qb4 27. Qxa4 Qxa4 28. bxa4 Ra8 29.
Rc2 Rxa4 30. Kh2 Rda8 31. Ree2 e6 32. Red2 Bf8 33. Kg3 Be7 34.
Kf4 Kg7 35. Ke4 f5+ 36. exf6+ Kxf6 37. g4 Rb4 38. Ne5 Bf8 39. Nxc6 Rba4 40. Ne5 Ra3 41. Rd7 Rxh3 42. Rf7+ Kg5 43. f3 Rh1 44. f4+ Kh4 45. Nxg6 Kxg4 46. Nxf8 Ra3 47. Rg7 Kh5 48. Nxe6 Re1+ 49. Kf5 Ra1 50. Rh2 1-0

[Event "NJSK 2026 Jeugd B"]
[Site "Helmond, Netherlands"]
[Date "2026.05.01"]
[Round "9.1"]
[White "De Jong, Lode"]
[Black "Aravindhan, Achyuth"]
[Result "1-0"]
[TimeControl "90min/40moves + 30min + 30sec/move"]
[WhiteTitle "-"]
[BlackTitle "-"]
[WhiteFideId "40101860"]
[BlackFideId "1084216"]
[WhiteElo "1902"]
[BlackElo "2277"]

1. d4 d5 2. c4 e6 3. Nf3 Nf6 4. g3 dxc4 5. Bg2 Nbd7 6. O-O c6 7. Ne5 Qc7 8. Nxc4 b5 9. Ncd2 Bb7 10. e4 Be7 11. Nc3 O-O 12. Qe2 a5 13. Rd1 Ba6 14.
Qe1 e5 15. Nf3 exd4 16. Bf4 Qb6 17. Nxd4 Rad8 18. Rac1 c5 19. Nf5 Rfe8 20. e5 Bf8 21. Ne4 Nxe4 22. Qxe4 c4 23. Qc6 Qxc6 24. Bxc6 Bc8 25. Bxb5 Re6 26. Bxc4 Rb6 27. e6 fxe6 28. Bc7 Rc6 29. Bxd8 Bb7 30. Rxd7 1-0

[Event "NJSK 2026 Jeugd B"]
[Site "Helmond, Netherlands"]
[Date "2026.05.01"]
[Round "9.2"]
[White "Zecha, Oscar"]
[Black "Baarspul, Bram"]
[Result "1/2-1/2"]
[TimeControl "90min/40moves + 30min + 30sec/move"]
[WhiteTitle "-"]
[BlackTitle "-"]
[WhiteFideId "1073826"]
[BlackFideId "40106187"]
[WhiteElo "2120"]
[BlackElo "2177"]

1. e4 c5 2. Nf3 d6 3. d4 cxd4 4. Nxd4 Nf6 5. Nc3 a6 6. f3 e5 7. Nb3 Be6 8. Be3 h5 9. Qd2 Nbd7 10. O-O-O Be7 11. Kb1 b5 12. Nd5 Bxd5 13. exd5 Nb6 14. Bxb6 Qxb6 15. Na5 Rc8 16. c4 bxc4 17. Nxc4 Qa7 18. Na5 Qd7 19. Bxa6 Rc5 20. a4 Qxa4 21. Nb7 Rxd5 22. Qe2 O-O 23. Rxd5 Nxd5 24. Qc4 Qxc4 25. Bxc4 Ne3 26. Rc1 d5 27. Bd3 Nxg2 28. Rc7 Bf6 29. Nd6 Nf4 30. Bc2 d4 31. Nxf7 Rb8 32.
Nd6 d3 33. Rc8+ Rxc8 34. Bb3+ Kf8 35. Nxc8 g5 36. Bc4 g4 37.
fxg4 hxg4 38. Kc1 e4 39. Kd1 Bxb2 40. Nd6 e3 41. Bxd3 Nxd3 42. Ke2 Be5 43. Nc4 Nc1+ 44. Kxe3 Bxh2 45. Kf2 Kg7 46. Ne3 g3+ 47. Kg2 Ne2 48. Nf5+ Kf6 49. Nxg3 Nxg3 50. Kxh2 1/2-1/2

[Event "NJSK 2026 Jeugd B"]
[Site "Helmond, Netherlands"]
[Date "2026.05.01"]
[Round "9.3"]
[White "Kurt, Sascha"]
[Black "Groenewoud, Joel"]
[Result "0-1"]
[TimeControl "90min/40moves + 30min + 30sec/move"]
[WhiteTitle "-"]
[BlackTitle "-"]
[WhiteFideId "1082647"]
[BlackFideId "1087746"]
[WhiteElo "2280"]
[BlackElo "2114"]

1. e4 c6 2. d4 d5 3. e5 c5 4. dxc5 e6 5. Bd3 Nc6 6. Nf3 Bxc5 7. a3 Nge7 8. b4 Bb6 9. O-O Ng6 10. Bb2 O-O 11.
Nbd2 Bc7 12. Re1 f6 13. exf6 gxf6 14. c4 Nf4 15. Bf1 d4 16. b5 Ne5 17. Bxd4 Ned3 18. Re3 e5 19. Bc3 Bb6 20.
Qc2 Bxe3 21. fxe3 Qb6 22. Nd4 exd4 23. Bxd4 Qd6 24. Bxd3 Nxd3 25. Qxd3 Bg4 26. Rf1 Qe6 27. Qc3 Rae8 28.
a4 b6 29. a5 Rf7 30. a6 h5 31. Rf4 Bf5 32. Nf3 Bh7 33. Nh4 Rc8 34. Bxf6 Be4 35. Bd4 Rxc4 36. Qe1 Rxf4 37. Qg3+ Rg4 38. Qb8+ Rc8 39. Qxa7 Rc1+ 40. Kf2 Qa2+ 0-1

[Event "NJSK 2026 Jeugd B"]
[Site "Helmond, Netherlands"]
[Date "2026.05.01"]
[Round "10.1"]
[White "Groenewoud, Joel"]
[Black "De Jong, Lode"]
[Result "1-0"]
[TimeControl "90min/40moves + 30min + 30sec/move"]
[WhiteTitle "-"]
[BlackTitle "-"]
[WhiteFideId "1087746"]
[BlackFideId "40101860"]
[WhiteElo "2114"]
[BlackElo "1902"]

1. e4 c5 2. Nf3 d6 3.
d4 cxd4 4. Nxd4 Nf6 5. Nc3 a6 6.
g3 e5 7. Nde2 Be7 8. Bg2 b5 9. Nd5 Nxd5 10. Qxd5 Ra7 11. O-O O-O 12. Qd3 Nd7 13. Be3 Rb7 14.
Nc3 Nf6 15. b3 Be6 16. a4 b4 17. Qxa6 Qa8 18. Qxa8 Rxa8 19. Nd5 Nxd5 20. exd5 Bf5 21. Rfc1 Rc8 22. Bf1 Rxc2 23. a5 Rxc1 24. Rxc1 Rb8 25. a6 Be4 26. a7 Ra8 27. Rc7 Bd8 28. Rb7 Bxd5 29. Rb8 Kf8 30. Bb6 Ke8 31. Bb5+ Ke7 32. Bxd8+ 1-0

[Event "NJSK 2026 Jeugd B"]
[Site "Helmond, Netherlands"]
[Date "2026.05.01"]
[Round "10.2"]
[White "Baarspul, Bram"]
[Black "Kurt, Sascha"]
[Result "0-1"]
[TimeControl "90min/40moves + 30min + 30sec/move"]
[WhiteTitle "-"]
[BlackTitle "-"]
[WhiteFideId "40106187"]
[BlackFideId "1082647"]
[WhiteElo "2177"]
[BlackElo "2280"]

1. e4 c5 2. Nf3 d6 3. d4 cxd4 4. Nxd4 Nf6 5. Nc3 a6 6. Bd3 g6 7. f3 Bg7 8.
Be3 Nc6 9. Qd2 Bd7 10. O-O-O Rc8 11. Kb1 O-O 12. g4 b5 13. h4 h5 14. Nxc6 Bxc6 15.
Bh6 b4 16. Ne2 Qa5 17. Bxg7 Kxg7 18. Rhg1 Rh8 19. gxh5 Rxh5 20. Ng3 Rh7 21. f4 Kf8 22. f5 Rxh4 23. Qg5 Rh2 24. e5 Qxe5 25.
Rde1 Rg2 26. Rxe5 Rxg1+ 27. Bf1 dxe5 28. fxg6 fxg6 29. Qh6+ Kf7 30. Qe3 Rd8 31. Qe2 Rxg3 32. b3 Bb5 33. Qf2 Rd1+ 34. Kb2 Rg4 35. Bxb5 axb5 36. a3 bxa3+ 37. Kxa3 b4+ 38. Ka4 Rf4 39. Qc5 Rd5 40. Qc7 Rd6 41. Kb5 g5 42. c4 bxc3 43. Qxc3 g4 44. b4 Rd5+ 45. Ka6 Rf3 46. Qc4 g3 47.
Qe2 Ra3+ 48. Kb6 e4 49. Kc6 e3 50. b5 Rb3 51. b6 Rdb5 52. Qc4+ e6 53. b7 Rxb7 54. Qh4 R3b6+ 55. Kc5 Rb5+ 56.
Kc6 R7b6+ 57. Kc7 g2 58. Qg3 Rb7+ 59.
Kc6 R5b6+ 0-1

[Event "NJSK 2026 Jeugd B"]
[Site "Helmond, Netherlands"]
[Date "2026.05.01"]
[Round "10.3"]
[White "Aravindhan, Achyuth"]
[Black "Zecha, Oscar"]
[Result "0-1"]
[TimeControl "90min/40moves + 30min + 30sec/move"]
[WhiteTitle "-"]
[BlackTitle "-"]
[WhiteFideId "1084216"]
[BlackFideId "1073826"]
[WhiteElo "2277"]
[BlackElo "2120"]

1. e4 e5 2. Nf3 Nc6 3. g3 Nf6 4. d3 g6 5. Bg2 Bg7 6. c4 d6 7. Nc3 Bg4 8. Be3 O-O 9. Qd2 Nd7 10. O-O-O Nd4 11. Bxd4 exd4 12. Ne2 Rb8 13. h3 Bxf3 14. Bxf3 b5 15. cxb5 Rxb5 16. h4 Ne5 17. Bg2 Ng4 18. Nf4 h5 19.
Bh3 Ne5 20. Kb1 c5 21. Rc1 Bh6 22. Qe2 Qb6 23. Nd5 Rxb2+ 24. Qxb2 Qxb2+ 25. Kxb2 Nxd3+ 26. Kc2 Nxf2 27. Bg2 d3+ 28. Kc3 Bg7+ 29. Kd2 Bh6+ 30.
Kc3 Bg7+ 31. Kd2 Bh6+ 32. Kc3 d2 33.
Rcd1 Rb8 34. Rhf1 Nxd1+ 35. Rxd1 Rb5 36. Nf4 Ra5 37. Rxd2 Ra3+ 38. Kb2 Rxg3 39. Rf2 Bxf4 40. Rxf4 Rxg2+ 41. Kb3 Rg4 42. Rf6 Rxh4 43. Rxd6 Rxe4 44. Ra6 Re7 45. Kc4 h4 46.
Kxc5 g5 47. Ra3 Kg7 48. Kd6 Rb7 49. Ke5 f6+ 50. Kf5 Rb5+ 51. Kg4 a5 52. Rc3 Kg6 53. a3 a4 54. Rc4 f5+ 55. Kh3 Rb3+ 56. Kg2 Rxa3 57. Rc6+ Kh5 58. Rc8 Kg4 59. Rc4+ f4 60. Rc2 Rb3 61. Rc4 a3 62. Ra4 Rb2+ 63. Kg1 a2 0-1

[Event "NJSK 2026 Jeugd B"]
[Site "Helmond, Netherlands"]
[Date "2026.05.01"]
[Round "11.1"]
[White "De Jong, Lode"]
[Black "Zecha, Oscar"]
[Result "0-1"]
[TimeControl "90min/40moves + 30min + 30sec/move"]
[WhiteTitle "-"]
[BlackTitle "-"]
[WhiteFideId "40101860"]
[BlackFideId "1073826"]
[WhiteElo "1902"]
[BlackElo "2120"]

1. d4 Nf6 2. c4 e6 3. g3 d5 4.
Bg2 dxc4 5. Nf3 Bb4+ 6. Nbd2 b5 7.
a3 Be7 8. a4 c6 9. O-O O-O 10. Qc2 Nd5 11. b3 c3 12. Ne4 b4 13. Ne5 Bb7 14. Nc5 Bxc5 15. dxc5 Nd7 16. Nd3 a5 17. e4 N5f6 18. Bf4 Re8 19. Rfd1 e5 20. Nxe5 Qe7 21. Nxd7 Nxd7 22. Bd6 Qe6 23. f4 Rad8 24.
Rd4 Nf6 25. Re1 Ba6 26. f5 Qc8 27. e5 Nd5 28. Rxd5 cxd5 29. Bxd5 Bb7 30. Bc4 Qc6 31. Kf1 0-1

[Event "NJSK 2026 Jeugd B"]
[Site "Helmond, Netherlands"]
[Date "2026.05.01"]
[Round "11.2"]
[White "Kurt, Sascha"]
[Black "Aravindhan, Achyuth"]
[Result "1-0"]
[TimeControl "90min/40moves + 30min + 30sec/move"]
[WhiteTitle "-"]
[BlackTitle "-"]
[WhiteFideId "1082647"]
[BlackFideId "1084216"]
[WhiteElo "2280"]
[BlackElo "2277"]

1. e4 c5 2. Nf3 Nc6 3. Bb5 g6 4. O-O Bg7 5.
Re1 e5 6. Bxc6 dxc6 7. a4 Qe7 8. Na3 Nh6 9.
Nc4 f6 10. d3 O-O 11. Be3 b6 12. c3 Be6 13. Qc2 Nf7 14. a5 b5 15. Ncd2 a6 16. Nb3 Bxb3 17. Qxb3 Rfd8 18. Rad1 Bf8 19.
Qc2 Qc7 20. d4 Qxa5 21. dxc5 Rxd1 22. Rxd1 Rd8 23. h4 h5 24.
b4 Rxd1+ 25. Qxd1 Qa3 26. Qd7 Qxc3 27. Qxc6 Qxb4 28. Qxf6 Qxe4 29. Qxa6 b4 30.
Qb6 Kg7 31. c6 Bd6 32. Qb7 b3 33. Qxf7+ Kxf7 34. Ng5+ Ke8 35. Nxe4 Bb4 36. Bc1 Kd8 37. Bb2 Kc7 38. Bxe5+ Kxc6 39.
Bb2 Kd5 40. f3 Ke6 41. Kf2 Kf5 42.
g3 Ba5 43. Ke2 Bc7 44. Kd3 1-0

[Event "NJSK 2026 Jeugd B"]
[Site "Helmond, Netherlands"]
[Date "2026.05.01"]
[Round "11.3"]
[White "Groenewoud, Joel"]
[Black "Baarspul, Bram"]
[Result "0-1"]
[TimeControl "90min/40moves + 30min + 30sec/move"]
[WhiteTitle "-"]
[BlackTitle "-"]
[WhiteFideId "1087746"]
[BlackFideId "40106187"]
[WhiteElo "2114"]
[BlackElo "2177"]

1. e4 c5 2. Nf3 d6 3. d4 cxd4 4. Nxd4 Nf6 5. Nc3 a6 6. g3 Nc6 7. Bg2 g6 8. O-O Nxd4 9.
Qxd4 Bg7 10. Be3 O-O 11. Qd3 Ng4 12.
Bd2 Ne5 13. Qe2 Bg4 14. f3 Be6 15. Nd5 Rc8 16. c3 Nc4 17. Bc1 b5 18. f4 Bxd5 19. exd5 b4 20. cxb4 Qb6+ 21. Kh1 Qxb4 22.
Be4 Nxb2 23. Rb1 Qc4 24. Rxb2 Bxb2 25. Bd3 Qxd5+ 26. Be4 Qc4 27. Bd3 Qc6+ 28. Be4 d5 29. Bxb2 dxe4 30. Rc1 Qb7 31. Re1 Qb5 32. Qxb5 axb5 33. Rxe4 Rc2 34. Rb4 Rd8 0-1

[Event "NJSK 2026 Jeugd B"]
[Site "Helmond, Netherlands"]
[Date "2026.05.01"]
[Round "12.1"]
[White "Baarspul, Bram"]
[Black "De Jong, Lode"]
[Result "1/2-1/2"]
[TimeControl "90min/40moves + 30min + 30sec/move"]
[WhiteTitle "-"]
[BlackTitle "-"]
[WhiteFideId "40106187"]
[BlackFideId "40101860"]
[WhiteElo "2177"]
[BlackElo "1902"]

1. e4 c5 2. Nf3 d6 3. d4 cxd4 4. Nxd4 Nf6 5. Nc3 a6 6. Bd3 e5 7. Nde2 Be7 8. O-O O-O 9. Ng3 b5 10. a4 b4 11. Nd5 Nxd5 12. exd5 f5 13. f4 e4 14. Bc4 a5 15. Be3 Nd7 16.
Qe2 Nb6 17. Rfd1 Nxc4 18. Qxc4 Ba6 19. Qb3 Qc7 20. c3 Bc4 21. Qc2 bxc3 22. Qxc3 Bf6 23. Bd4 Bxd4+ 24. Qxd4 Bb3 25. Rdc1 Qa7 26. Qxa7 Rxa7 27. Rc6 Rf6 28. Rc8+ Kf7 29. Rac1 Bxd5 30.
R8c7+ Rxc7 31. Rxc7+ Kg6 32.
Ra7 Bc4 33. Kf2 d5 34. Rxa5 Ra6 35.
Rxa6+ Bxa6 36. Ke3 Kf6 37. b4 Ke6 38.
b5 Bc8 39. Kd4 Kd6 40. a5 Bd7 41. a6 Kc7 42. Kc5 g6 43.
b6+ Kb8 44. Kxd5 Bb5 45. a7+ Kb7 46. Kc5 Bd3 47. Kd4 Bb5 48. Kc5 Bd3 49. Kd4 Bb5 50. h4 Bc6 51. Kc5 e3 52. Kd4 Kxb6 53. Kxe3 Bxg2 54. Kf2 Bd5 55.
h5 Kxa7 56. hxg6 hxg6 57. Ke3 Kb6 1/2-1/2

[Event "NJSK 2026 Jeugd B"]
[Site "Helmond, Netherlands"]
[Date "2026.05.01"]
[Round "12.2"]
[White "Aravindhan, Achyuth"]
[Black "Groenewoud, Joel"]
[Result "1-0"]
[TimeControl "90min/40moves + 30min + 30sec/move"]
[WhiteTitle "-"]
[BlackTitle "-"]
[WhiteFideId "1084216"]
[BlackFideId "1087746"]
[WhiteElo "2277"]
[BlackElo "2114"]

1. e4 a6 2. d4 e6 3. Nf3 b5 4. Bd3 Bb7 5. O-O Nf6 6. Qe2 Be7 7. a4 b4 8. c4 bxc3 9. Nxc3 O-O 10. h3 c5 11. dxc5 Bxc5 12. e5 Nd5 13. Bxh7+ Kh8 14. Be4 Nxc3 15. bxc3 Nc6 16. Ng5 g6 17.
Qg4 Kg7 18. Nxf7 Rxf7 19. Qxg6+ Kf8 20. Bh6+ Ke8 21. Qg8+ Bf8 22. Bg6 Qe7 23. Bxf8 Qxf8 24. Bxf7+ Ke7 25. Qxf8+ Rxf8 26. Bh5 Nxe5 27. f4 Nd3 28. Bf3 d5 29.
Rab1 Bc6 30. Rb6 Bxa4 31. Rxa6 Bb5 32. Ra7+ Kd6 33. Be2 Rc8 34. Rb1 1-0

[Event "NJSK 2026 Jeugd B"]
[Site "Helmond, Netherlands"]
[Date "2026.05.01"]
[Round "12.3"]
[White "Zecha, Oscar"]
[Black "Kurt, Sascha"]
[Result "1-0"]
[TimeControl "90min/40moves + 30min + 30sec/move"]
[WhiteTitle "-"]
[BlackTitle "-"]
[WhiteFideId "1073826"]
[BlackFideId "1082647"]
[WhiteElo "2120"]
[BlackElo "2280"]

1. e4 c5 2. Nf3 d6 3. d4 cxd4 4. Nxd4 Nf6 5. Nc3 a6 6. f3 e5 7. Nb3 Be6 8. Be3 Be7 9.
Qd2 h5 10. O-O-O Nbd7 11. Kb1 Qc7 12. g3 b5 13. Nd5 Bxd5 14. exd5 Nb6 15.
Bxb6 Qxb6 16. Na5 Rc8 17. c4 bxc4 18. Nxc4 Qa7 19. Na5 O-O 20. Nc6 Rxc6 21. dxc6 d5 22. Qa5 Ra8 23. Rc1 Bd6 24. c7 Rc8 25. Qxa6 Qxa6 26. Bxa6 Rxc7 27. Rxc7 Bxc7 28. Rc1 Bb6 29. b4 e4 30. fxe4 dxe4 31. a4 Ng4 32. a5 Bd4 33. b5 Nxh2 34. b6 Be5 35. Be2 Bxg3 36.
a6 Nf3 37. Bxf3 exf3 38. a7 f2 39. a8=Q+ Kh7 40. Qe4+ g6 41.
b7 h4 42. Qf3 Kg7 43. Rf1 g5 44. Rxf2 Bxf2 45. Qxf2 f6 46.
b8=Q Kg6 47. Qg8+ Kh5 48. Qf3+ Kh6 49.
Qxf6+ 1-0

[ePGN "0.1;DGT LiveChess/2.2.10"]

[Event "NJSK 2026 Meisjes B"]
[Site "Helmond, Netherlands"]
[Date "2026.04.25"]
[Round "1.4"]
[White "Hardeman, Imara"]
[Black "Jorritsma, Eli Alia"]
[Result "1/2-1/2"]
[TimeControl "90min/40moves + 30min + 30sec/move"]
[WhiteTitle "-"]
[BlackTitle "-"]
[WhiteFideId "40100596"]
[BlackFideId "1080849"]
[WhiteElo "1718"]
[BlackElo "1861"]

1. d4 f5 2. Bf4 Nf6 3. e3 e6 4. Nf3 b6 5. Bd3 Bb7 6. Nbd2 Bd6 7. Ne5 O-O 8. O-O Nc6 9. Nxc6 Bxc6 10.
Bxd6 cxd6 11. f3 Nd5 12. Re1 f4 13. Nf1 fxe3 14. Nxe3 Nxe3 15. Rxe3 Qg5 16. Qe2 Rf6 17. Be4 Bb5 18.
Bd3 Bc6 19. Be4 d5 20. Bd3 Rh6 21. c3 Rf8 22. Re5 Qf4 23. h3 Qg3 24. Qf2 Qf4 25. Qe3 Qf7 26. Rg5 d6 27. Re1 Bd7 28.
Rg3 Qf6 29. Qg5 Qxg5 30. Rxg5 Rhf6 31. Rg3 Rc8 32. Ba6 Rc7 33. Bd3 a5 34. Rc1 b5 35. a3 Rf8 36. Ra1 Rb8 37. Rg5 Be8 38. Re1 Bf7 39. f4 b4 40. axb4 axb4 41. f5 bxc3 42. bxc3 exf5 43.
Bxf5 h6 44. Rg3 Rb3 45. Ree3 h5 46. h4 Kf8 47. Rgf3 Re7 48. Be6 Rb5 49. Rxf7+ Rxf7 50. Bxf7 Kxf7 51. Kf2 g6 52. Kf3 Rb3 53.
Kg3 Kf6 54. Kf4 Rb2 55. Kg3 Rc2 56. Kf3 Rc1 57. Kg3 Kf5 58. Kf3 Kf6 59. Kg3 Kf5 60. Kf3 1/2-1/2

[Event "NJSK 2026 Meisjes B"]
[Site "Helmond, Netherlands"]
[Date "2026.04.26"]
[Round "2.4"]
[White "Koorevaar, Sarah-Joy"]
[Black "Regterschot, Frederieke"]
[Result "1-0"]
[TimeControl "90min/40moves + 30min + 30sec/move"]
[WhiteTitle "-"]
[BlackTitle "-"]
[WhiteFideId "1091174"]
[BlackFideId "1083961"]
[WhiteElo "1768"]
[BlackElo "1792"]

1. d4 d5 2. Nf3 Nf6 3. g3 Bf5 4. Bg2 e6 5. O-O h6 6. c4 c6 7. Nc3 Bd6 8. Qb3 Qb6 9. c5 Qxb3 10.
axb3 Bc7 11. b4 Na6 12. b5 cxb5 13. Nxb5 O-O 14. Rxa6 bxa6 15. Nxc7 Rab8 16. Nxa6 Rb5 17. Ne5 Rc8 18. Rd1 Ne8 19. Bf1 Ra5 20.
Nb4 Ra4 21. Nbc6 Rc7 22. b3 Bc2 23. bxa4 Bxd1 24. Nb4 f6 25. Na6 fxe5 26. Nxc7 Nxc7 27. a5 exd4 28. Bf4 Nb5 29. e3 dxe3 30.
Bxb5 e2 31. Bd2 a6 32. c6 axb5 33. c7 1-0

[Event "NJSK 2026 Meisjes B"]
[Site "Helmond, Netherlands"]
[Date "2026.04.27"]
[Round "3.2"]
[White "Omnes, Zoe"]
[Black "Koorevaar, Sarah-Joy"]
[Result "0-1"]
[TimeControl "90min/40moves + 30min + 30sec/move"]
[WhiteTitle "-"]
[BlackTitle "-"]
[WhiteFideId "1095200"]
[BlackFideId "1091174"]
[WhiteElo "1485"]
[BlackElo "1768"]

1. e4 c5 2. Nc3 e6 3. Nf3 Nc6 4. d4 cxd4 5. Nxd4 Qc7 6. Bc4 a6 7. Nxc6 dxc6 8. Be2 b5 9. Bf3 Bb7 10. g3 Rd8 11. Bd2 Nf6 12. O-O Bd6 13.
Re1 h5 14. Qe2 h4 15. e5 Bxe5 16. Qxe5 Qxe5 17. Rxe5 Rxd2 18. Ne4 Nxe4 19. Bxe4 hxg3 20. hxg3 Re2 21. Kf1 Rxe4 22. Rxe4 Rh1+ 23.
Ke2 Rxa1 24. a3 Ra2 25. Rh4 Rxb2 26. Kd2 Ra2 27. Rh8+ Kd7 28. Rh7 Rxa3 29. Rxg7 Rf3 30. Ke2 c5 31.
g4 a5 32. g5 a4 33. g6 Ke7 34. Rh7 Rf6 35. gxf7 Rxf7 36. Rh8 a3 37. Rh1 Bxh1 38. Kd1 0-1

[Event "NJSK 2026 Meisjes B"]
[Site "Helmond, Netherlands"]
[Date "2026.04.28"]
[Round "4.3"]
[White "Koorevaar, Sarah-Joy"]
[Black "Hardeman, Imara"]
[Result "1/2-1/2"]
[TimeControl "90min/40moves + 30min + 30sec/move"]
[WhiteTitle "-"]
[BlackTitle "-"]
[WhiteFideId "1091174"]
[BlackFideId "40100596"]
[WhiteElo "1768"]
[BlackElo "1718"]

1. d4 d5 2. Nf3 Nf6 3. g3 c6 4. Bg2 Bf5 5. c4 e6 6. Nc3 Nbd7 7. Qb3 Qb6 8. c5 Qc7 9. O-O h6 10.
Nd2 Be7 11. e4 dxe4 12. Ndxe4 Nxe4 13. Nxe4 Bxe4 14. Bxe4 e5 15. Re1 O-O 16. Bc2 Rfe8 17. Qd3 e4 18. Qxe4 Nf6 19. Qd3 Qd7 20.
Bf4 Rad8 21. Rad1 h5 22. Qf5 Qxf5 23. Bxf5 Nd5 24. Bd2 Bf6 25. Be3 g6 26. Bc2 Rd7 27. Bb3 Red8 28. Kg2 Ne7 29.
Bc2 Nd5 30. Bb3 1/2-1/2

[Event "NJSK 2026 Meisjes B"]
[Site "Helmond, Netherlands"]
[Date "2026.04.28"]
[Round "4.4"]
[White "Regterschot, Frederieke"]
[Black "Omnes, Zoe"]
[Result "1-0"]
[TimeControl "90min/40moves + 30min + 30sec/move"]
[WhiteTitle "-"]
[BlackTitle "-"]
[WhiteFideId "1083961"]
[BlackFideId "1095200"]
[WhiteElo "1792"]
[BlackElo "1485"]

1. e4 e5 2. Nf3 Nc6 3. Bc4 Nf6 4. d3 Bc5 5. h3 h6 6. O-O d6 7. Nc3 O-O 8. Na4 Na5 9. Nxc5 Nxc4 10.
b3 Nb6 11. Na4 Nxa4 12. bxa4 b6 13. Bd2 a5 14. Rb1 Re8 15. Re1 Qe7 16. c3 Qd7 17. Nh4 Bb7 18. Qf3 Qe6 19. c4 Nd7 20.
Be3 Bc6 21. Qd1 Nc5 22. Bxc5 dxc5 23. Re3 Rad8 24. Nf5 Kh7 25. Qh5 Qg6 26. Qd1 Qf6 27. Rb2 g6 28. Ng3 Qe6 29. Ne2 Rd6 30.
Nc3 Red8 31. Rd2 Qd7 32. Nb5 Bxb5 33. axb5 Kg7 34. Kh2 Rf6 35. Rg3 Qd4 36. Qe2 Rdd6 37. Re3 Rde6 38. h4 Rd6 39.
g3 h5 40. f3 Rde6 41. Qf2 Qd6 42. Kg2 Re7 43. Re1 Qd4 44. Qxd4 cxd4 45. Rb1 Ree6 46. Rc2 Kh6 47. c5 c6 48.
cxb6 c5 49. Rxc5 Rxb6 50. Rxe5 Rfe6 51. Rd5 a4 52. Rxd4 a3 53. Ra4 Re5 54. Rxa3 Rexb5 55. Rxb5 Rxb5 56. Rb3 Rc5 57. Rb2 Rc3 58.
d4 Rd3 59. d5 f5 60. Kf2 fxe4 61. fxe4 Kg7 62. Re2 Kf6 63. e5+ Ke7 64. d6+ Ke6 65. Re3 Rd2+ 66. Kf3 Rxa2 67. Kf4 Ra8 68.
Kg5 Rg8 69. Kh6 g5 70. hxg5 Kf5 71. g6 Rxg6+ 72. Kxh5 Rg7 73. g4+ Kf4 74. Re1 Rg8 75. d7 Rh8+ 76. Kg6 Rg8+ 77. Kf7 Ra8 78.
Ke7 Ra7 79. Ke8 Ra8+ 80. d8=Q Rxd8+ 81. Kxd8 Kxg4 82. e6 Kf3 83. e7 Kf2 84. e8=Q Kf3 85. Re7 Kg4 86. Qf8 Kg5 87. Rg7+ Kh6 88. Qh8# 1-0

[Event "NJSK 2026 Meisjes B"]
[Site "Helmond, Netherlands"]
[Date "2026.04.29"]
[Round "5.2"]
[White "Hardeman, Imara"]
[Black "Regterschot, Frederieke"]
[Result "1-0"]
[TimeControl "90min/40moves + 30min + 30sec/move"]
[WhiteTitle "-"]
[BlackTitle "-"]
[WhiteFideId "40100596"]
[BlackFideId "1083961"]
[WhiteElo "1718"]
[BlackElo "1792"]

1. d4 d5 2. Bf4 Nf6 3. e3 c5 4.
c3 Nc6 5. h3 Bf5 6. g4 Bg6 7. Nd2 c4 8. h4 h5 9. g5 Nd7 10. e4 e6 11. Bg2 Nb6 12. Ne2 dxe4 13. Bxe4 Bxe4 14. Nxe4 Nd5 15. Bg3 b5 16. Nf4 Nxf4 17.
Bxf4 Be7 18. Ng3 Qd5 19. Qe2 g6 20. Qe4 Rd8 21. O-O Bd6 22. Bxd6 Rxd6 23. Rfe1 O-O 24. Re3 Rfd8 25. Qf4 f5 26.
gxf6 R6d7 27. Qh6 Rh7 28. Qxg6+ 1-0

[Event "NJSK 2026 Meisjes B"]
[Site "Helmond, Netherlands"]
[Date "2026.04.29"]
[Round "5.3"]
[White "Jorritsma, Eli Alia"]
[Black "Koorevaar, Sarah-Joy"]
[Result "1/2-1/2"]
[TimeControl "90min/40moves + 30min + 30sec/move"]
[WhiteTitle "-"]
[BlackTitle "-"]
[WhiteFideId "1080849"]
[BlackFideId "1091174"]
[WhiteElo "1861"]
[BlackElo "1768"]

1. Nf3 d5 2. g3 Nf6 3. Bg2 c6 4. O-O e6 5. b3 Nbd7 6. c4 Bd6 7. Nc3 O-O 8. d4 b6 9. e4 Bb4 10.
Ne2 Nxe4 11. Ne5 Nxe5 12. dxe5 Nc3 13. Qc2 Nxe2+ 1/2-1/2